 Dungeon Crawl Stone Soup version 0.26.1-11-gd32895ea62 (webtiles) character file.

Game seed: 4461559514218202993

1719 moonlapse the Basher (level 8, -7/66 HPs)
             Began as a Black Draconian Brigand on May 14, 2021.
             Was a Believer of Okawaru.
             Mangled by an orc warrior
             ... wielding the +10 halberd "Axtaaz" {freeze, *Drain Will++ Int+6 Dex+2}
              (11 damage)
             ... in a bailey.
             The game lasted 00:14:54 (9183 turns).

moonlapse the Basher (Black Draconian Brigand)      Turns: 9183, Time: 00:14:54

Health: -7/66      AC:  7    Str: 13    XL:     8   Next: 75%
Magic:  8/8        EV: 11    Int: 13    God:    Okawaru [**....]
Gold:   186        SH:  4    Dex: 14    Spells: 7/7 levels left

rFire    . . .     SeeInvis .   k - +3 whip (pain)
rCold    . . .     Faith    .   u - +0 buckler
rNeg     . . .     Spirit   .   (armour unavailable)
rPois    .         Reflect  .   (helmet restricted)
rElec    +         Harm     .   b - +0 cloak
rCorr    .         Rampage  .   (no gloves)
Will     .....                  (no boots)
Stlth    ++........             (no amulet)
HPRegen  0.21/turn              (no ring)
MPRegen  0.11/turn              (no ring)

@: hasted, very quick
A: breathe lightning, unfitting armour, electricity resistance, cold-blooded, AC
+6
a: Breathe Lightning, Renounce Religion, Heroism


You were in a bailey.
You worshipped Okawaru.
Okawaru was pleased with you.
You visited 2 branches of the dungeon, and saw 8 of its levels.
You also visited: Sewer and Bailey.

You collected 366 gold pieces.
You spent 180 gold pieces at shops.


Innate Abilities, Weirdness & Mutations

You can breathe wild blasts of lightning.
Your glossy black scales are hard. (AC +6)
You cannot fit into any form of body armour.
You are resistant to electric shocks. (rElec)
You are cold-blooded and may be slowed by cold attacks.


   Skills:
 - Level 3.7 Fighting
 - Level 2.0 Short Blades
 + Level 10.3 Maces & Flails
 - Level 1.7 Throwing
 - Level 0.8 Dodging
 - Level 3.6 Stealth
 + Level 2.8 Shields


You had 7 spell levels left.
You didn't know any spells.
Your spell library contained the following spells:

 Spells                   Type           Power        Failure   Level
 Freeze                   Ice            0%           34%         1
 Frozen Ramparts          Ice            0%           71%         3
 Ozocubu's Armour         Ice            0%           71%         3
 Hailstorm                Conj/Ice       0%           98%         4
 Summon Ice Beast         Ice/Summ       0%           98%         4

Inventory:

Hand Weapons
 a - a +2 dagger
 k - a +3 whip of pain (weapon)
Missiles
 g - 7 boomerangs (quivered)
 r - 2 silver boomerangs
Armour
 b - a +0 cloak (worn)
 u - a +0 buckler (worn)
Magical Staves
 y - an uncursed staff of earth {!a, unknown}
Wands
 s - a wand of random effects (1)
Scrolls
 f - a scroll of magic mapping
 t - a scroll of remove curse {@r2}
Potions
 e - a potion of berserk rage {!q}
 h - a potion of mutation
 i - a potion of brilliance
 j - a potion of attraction {unknown}
 l - 5 potions of curing {@q1}
 m - 5 potions of might
 n - 3 potions of flight
 o - 2 potions of haste {@q3}
 p - a potion of ambrosia
 v - a potion of magic {unknown}
 w - 2 potions of heal wounds {@q2}
 x - a potion of lignification

Dungeon Overview and Level Annotations

Branches:
Dungeon (7/15)             Temple (1/1) D:4           Sewer (visited)
 Bailey (1/1)

Altars:
Ashenzari
Cheibriados
Dithmenos
Elyvilon
Fedhas
Gozag
Hepliaklqana
Kikubaaqudgha
Makhleb
Nemelex Xobeh
Okawaru
Qazlal
Sif Muna
Trog
Uskayaw
Wu Jian
Yredelemnul
Zin
The Shining One

Annotations:
D:6 3 runed translucent doors, ISoar's ghost, novice TeCj

######## .......##
≈≈≈≈≈≈..##
.....≈≈..##
.▒▒▒..≈≈..##########
▒▒ ▒▒..≈≈..........#
▒.∩.▒▒..≈≈≈≈≈≈≈≈≈≈.#
.....▒▒.).......o≈.#
▒▒'▒▒ ▒▒▒▒▒▒▒▒▒▒@≈.#
.... ▒▒.≈.# §≈
▒▒.)≈.#


oo. ▒▒..≈≈.# oo∩ ▒..≈≈.## ▒.)≈≈.∩# ▒▒..≈≈.# ▒▒..≈.# ▒..$$.▒▒.≈.# You could see
an orc warrior.


Message History

The orc warrior freezes you.
You closely miss the orc warrior.
You tail-slap the orc warrior, but do no damage.
You feel yourself speed up.
The orc warrior hits you with the +10 halberd "Axtaaz" {freeze, *Drain Will++ Int+6 Dex+2}!
* * * LOW HITPOINT WARNING * * *
You feel yourself slow down. The orc warrior freezes you.
* * * LOW HITPOINT WARNING * * *
You hit the orc warrior.
The orc warrior is lightly wounded.
The orc warrior closely misses you.
You closely miss the orc warrior.
The orc warrior is lightly wounded.
You hit the orc warrior.
You tail-slap the orc warrior, but do no damage.
The orc warrior is lightly wounded.
You feel yourself speed up. The orc warrior barely misses you.
You barely miss the orc warrior.
The orc warrior is lightly wounded.
The orc warrior hits you with the +10 halberd "Axtaaz" {freeze, *Drain Will++ Int+6 Dex+2}.
* * * LOW HITPOINT WARNING * * *
The orc warrior freezes you.
* * * LOW HITPOINT WARNING * * *
You feel yourself speed up.
The orc warrior hits you with the +10 halberd "Axtaaz" {freeze, *Drain Will++ Int+6 Dex+2}!!
* * * LOW HITPOINT WARNING * * *
The orc warrior freezes you!
You die...

Skill      XL: |  1  2  3  4  5  6  7  8 |
---------------+-------------------------+-----
Fighting       | 3 |  3.7
Maces & Flails | 2 3 5 6 8 10 | 10.3
Shields        | 2 |  2.8
Short Blades   | |  2.0
Throwing       | |  1.7
Dodging        | |  0.8
Stealth        | |  3.6

Action                   |  1- 3 |  4- 6 |  7- 9 || total
-------------------------+-------+-------+-------++-------
Melee: Dagger            |    42 |       |       ||    42
       Tailslap          |     9 |    26 |    37 ||    72
       Whip              |    48 |   226 |   246 ||   520
Throw: Boomerang         |       |    24 |    77 ||   101
       Dart              |       |    11 |    21 ||    32
       Throwing net      |       |       |     1 ||     1
 Abil: Breathe Lightning |       |       |     5 ||     5
Evoke: Wand              |       |     4 |    10 ||    14
  Use: Scroll            |       |     6 |    13 ||    19
       Potion            |       |       |     1 ||     1
 Stab: Sleeping          |     5 |     3 |     5 ||    13
       Held in net/web   |       |       |     1 ||     1
Armor: Skin              |    30 |    67 |    81 ||   178
Dodge: Dodged            |    34 |   137 |   156 ||   327
Block: Buckler           |       |       |    15 ||    15

Levels and vault maps discovered:
D:1:      sevenhm_arrival_forest_fort_small_6, layout_loops_cross
D:2:      layout_rooms, kennysheep_generic_room_16
D:3:      layout_basic, zin_purify
D:4:      layout_rooms, kennysheep_ying_yang, minmay_temple_entry_mist,
          portal_sewer_entry_f, minmay_misc_feat_tiny,
          hangedman_decor_clover_reticule
D:5:      layout_gridville, grunt_gozag_statues, serial_rivers,
          chequers_serial_rivers_room_a, chequers_serial_rivers_large_a,
          chequers_serial_rivers_micro_a, chequers_serial_rivers_small_b,
          chequers_serial_rivers_small_3, chequers_serial_rivers_small_b
D:6:      layout_loops_ring, gammafunk_ghost_necromancy
D:7:      layout_basic, fiery_altar_vehumet, xom_teletrap_fun, enter_bailey_6
Temple:   eino_wide_crystal_templ
Bailey:   bailey_polearm_1, bailey

Notes
Turn   | Place    | Note
-------+----------+-------------------------------------------
     0 | D:1      | moonlapse the Draconian Brigand began the quest for the
                  | Orb.
     0 | D:1      | Reached XP level 1. HP: 17/17 MP: 1/1
   122 | D:1      | Reached skill level 3 in Fighting
   122 | D:1      | Reached XP level 2. HP: 25/26 MP: 2/2
   687 | D:2      | Reached XP level 3. HP: 29/33 MP: 3/3
   781 | D:2      | Reached skill level 1 in Maces & Flails
  1202 | D:2      | Reached skill level 2 in Maces & Flails
  1350 | D:2      | Reached XP level 4. HP: 35/40 MP: 4/4
  1899 | D:3      | Reached skill level 3 in Maces & Flails
  2152 | D:3      | Found Zin's Purification Station.
  2155 | D:3      | Found a glowing silver altar of Zin.
  2482 | D:3      | Reached XP level 5. HP: 44/46 MP: 5/5
  3047 | D:4      | Found a staircase to the Ecumenical Temple.
  3079 | D:4      | Reached skill level 4 in Maces & Flails
  3519 | D:4      | Found a glowing drain.
  3579 | D:4      | Reached skill level 5 in Maces & Flails
  3580 | Sewer    | Entered a sewer
  3644 | Sewer    | Noticed Purgy
  3680 | Sewer    | Killed Purgy
  3681 | Sewer    | Reached XP level 6. HP: 45/52 MP: 6/6
  3801 | D:3      | Bought 2 potions of curing for 180 gold pieces
  3843 | Temple   | Entered the Ecumenical Temple
  3893 | Temple   | Became a worshipper of Warmaster Okawaru
  4020 | D:4      | Found a white marble altar of Elyvilon.
  4118 | D:4      | Found a basalt altar of Yredelemnul.
  4348 | D:5      | Entered Level 5 of the Dungeon
  4407 | D:5      | Reached skill level 6 in Maces & Flails
  4593 | D:5      | Found an opulent altar of Gozag.
  4717 | D:5      | Noticed an ice beast
  4732 | D:5      | Killed an ice beast
  4733 | D:5      | Your scales start taking on a glossy black colour.
  4733 | D:5      | Reached XP level 7. HP: 52/58 MP: 7/7
  4733 | D:5      | Gained mutation: You are resistant to electric shocks.
                  | (rElec) [Black Draconian growth]
  4786 | D:5      | Reached skill level 7 in Maces & Flails
  5299 | D:6      | Reached * piety under Okawaru
  5817 | D:6      | Found a runed translucent gate.
  5817 | D:6      | Found a runed translucent gate.
  5817 | D:6      | Found a runed translucent gate.
  5817 | D:6      | Noticed ISoar's ghost (novice TeCj)
  5909 | D:6      | Reached skill level 8 in Maces & Flails
  6441 | D:5      | Reached XP level 8. HP: 47/66 MP: 8/8
  6540 | D:5      | Reached skill level 9 in Maces & Flails
  6927 | D:6      | Reached ** piety under Okawaru
  7399 | D:7      | Reached skill level 10 in Maces & Flails
  7399 | D:7      | Reached skill level 1 in Shields
  7484 | D:7      | Found a flagged portal.
  7525 | Bailey   | Entered a bailey
  7571 | Bailey   | Reached skill level 2 in Shields
  8593 | Bailey   | Noticed an orc knight
  8596 | Bailey   | Noticed an orc knight
  8664 | Bailey   | Identified the +10 halberd "Axtaaz" {freeze, *Drain Will++
                  | Int+6 Dex+2}
  8873 | Bailey   | HP: 6/66 [orc warrior/+0 trident (17)]
  9162 | Bailey   | Noticed an orc knight
  9183 | Bailey   | HP: 4/66 [orc warrior/the +10 halberd "Axtaaz" {freeze,
                  | *Drain Will++ Int+6 Dex+2} (22)]
  9183 | Bailey   | Mangled by an orc warrior

Vanquished Creatures
  Purgy (Sewer)
  An ice beast (D:5)
  2 orc warriors (Bailey)
  4 ogres
  2 big kobolds
  2 bullfrogs (D:7)
  3 bullfrog zombies
  A bullfrog skeleton (D:5)
  A gnoll shaman (D:5)
  3 hounds
  An orc wizard (D:4)
  2 worker ants
  A hound zombie (D:7)
  A hound skeleton (D:4)
  A howler monkey zombie (D:6)
  A worker ant zombie (D:7)
  11 adders
  11 gnolls
  A white imp (D:6)
  2 ufetubi
  An ooze (D:1)
  2 worms
  A dart slug (D:1)
  6 leopard geckos
  18 orcs
  9 giant cockroaches
  7 goblins
  11 hobgoblins
  7 jackals
  2 quokkas
  2 ball pythons
  9 bats
  7 frilled lizards
  18 kobolds
  A leopard gecko skeleton (D:4)
  5 rats
158 creatures vanquished.

Vanquished Creatures (others)
  A hound (D:7)
1 creature vanquished.

Grand Total: 159 creatures vanquished

Table legend: (Time is in decaauts)
 A = Elapsed time spent in this place.
 B = Non-inter-level travel time spent in this place.
 C = Inter-level travel time spent in this place.
 D = Time resting spent in this place.
 E = Time spent auto-exploring this place.
 F = Levels seen in this place.
 G = Mean time per level.
                   A        B        C        D        E       F      G
               +--------+--------+--------+--------+--------+-----+--------+
         Total |   9118 |   8715 |    403 |   2498 |   4560 |  10 |  911.8 |
       Dungeon |   7235 |   6840 |    395 |   1444 |   4201 |   7 | 1033.6 |
        Temple |     58 |     51 |      7 |      0 |     44 |   1 |   58.0 |
         Sewer |    163 |    163 |      0 |      0 |     58 |   1 |  163.0 |
        Bailey |   1661 |   1661 |      0 |   1054 |    257 |   1 | 1661.0 |
               +--------+--------+--------+--------+--------+-----+--------+

Top non-repeatable levels by time:
  Bailey: 1661 daAuts
     D:5: 1447 daAuts
     D:6: 1290 daAuts
     D:3: 1243 daAuts
     D:2: 1164 daAuts
     D:4: 1044 daAuts
     D:1: 667 daAuts
     D:7: 377 daAuts
   Sewer: 163 daAuts
  Temple: 58 daAuts

Table legend:
 A = Non-vault XP
 B = Vault XP
 C = Vault XP percentage of total XP
 D = Non-vault monster count
 E = Vault monster count
 F = Vault count percentage of total count
                 A         B        C        D         E       F
            +---------+---------+-------+---------+---------+-------
      Total |    2014 |     443 |  18.0 |     135 |      23 |  14.6
            +---------+---------+-------+---------+---------+-------
        D:1 |      36 |       0 |   0.0 |      18 |       0 |   0.0
        D:2 |      77 |       2 |   2.5 |      20 |       1 |   4.8
        D:3 |      98 |       0 |   0.0 |      28 |       0 |   0.0
        D:4 |     173 |      13 |   7.0 |      16 |       5 |  23.8
        D:5 |     518 |       0 |   0.0 |      15 |       0 |   0.0
        D:6 |     631 |       0 |   0.0 |      21 |       0 |   0.0
        D:7 |     481 |       0 |   0.0 |      17 |       0 |   0.0
      Sewer |       0 |     140 | 100.0 |       0 |       6 | 100.0
     Bailey |       0 |     288 | 100.0 |       0 |      11 | 100.0
            +---------+---------+-------+---------+---------+-------
